 Dungeon Crawl Stone Soup version 0.19-a0-1384-gbb462ca (webtiles) character file.

4921 st0uf the Thaumaturge (level 10, -3/55 HPs)
             Began as a Gargoyle Earth Elementalist on Sept 3, 2016.
             Was a Believer of Vehumet.
             Slain by an eight-headed hydra (4 damage)
             ... on level 1 of the Lair of Beasts.
             The game lasted 00:46:02 (12142 turns).

st0uf the Thaumaturge (GrEE)                       Turns: 12142, Time: 00:46:04

Health: -3/55      AC: 10    Str: 14    XL:     10   Next: 52%
Magic:  23/23      EV: 12    Int: 24    God:    Vehumet [**....]
Gold:   590        SH:  0    Dex: 10    Spells: 3 memorised, 18 levels left

rFire  . . .     SeeInvis .     S - +4 dagger "Morg" {pain, MR+ Int+5}
rCold  . . .     Gourm    .     c - +0 robe
rNeg   + . .     Faith    .     (no shield)
rPois  ∞         Spirit   .     (no helmet)
rElec  +         Dismiss  .     L - +0 cloak {MR+}
rCorr  .         Reflect  .     (no gloves)
MR     ++...     Harm     .     s - -1 pair of boots (curse)
Stlth  ++........               (no amulet)
                                (no ring)
                                K - +2 ring of strength

@: no status effects
A: negative energy resistance 1, electricity resistance, unbreathing,
petrification resistance, rot immunity, AC +7
a: Renounce Religion


You were on level 1 of the Lair of Beasts.
You worshipped Vehumet.
Vehumet was pleased with you.
You were not hungry.

You visited 3 branches of the dungeon, and saw 12 of its levels.

You collected 590 gold pieces.

Inventory:

Hand Weapons
 B - a +0 mace
 S - the +4 dagger "Morg" (weapon) {pain, MR+ Int+5}
   (You found it on level 9 of the Dungeon)

   In the hands of one skilled in necromantic magic, it inflicts extra damage on
   living creatures.
   It affects your intelligence (+5).
   It affects your resistance to hostile enchantments.
Missiles
 b - 120 stones (quivered)
 E - 3 throwing nets
Armour
 c - a +0 robe (worn)
 s - a cursed -1 pair of boots (worn)
 L - a +0 cloak of magic resistance (worn)
 V - a troll hide
Magical Staves
 a - an uncursed staff of summoning
Jewellery
 I - an uncursed ring of ice
 K - a +2 ring of strength (left hand)
 O - the ring of Qinar {Fire Int-2 Dex+7, unknown}
   (You found it on level 8 of the Dungeon)

   [ring of fire]

   It enhances your fire magic.
   It affects your intelligence (-2).
   It affects your dexterity (+7).
   It protects you from fire.
   It makes you vulnerable to cold.
Wands
 C - a wand of slowing (34/48)
 F - a wand of lightning (4/15)
 G - a wand of iceblast (4/15)
 H - a wand of confusion (30/48)
 J - a wand of flame (20/48)
 M - a wand of flame (31/48)
 U - a wand of flame (17/48)
Scrolls
 f - 3 scrolls of remove curse {unknown}
 i - 2 scrolls of enchant armour {unknown}
 j - a scroll of recharging {unknown}
 m - 12 scrolls of identify {unknown}
 o - 4 scrolls of magic mapping {unknown}
 q - 2 scrolls of fear {unknown}
 u - 2 scrolls of blinking {unknown}
 w - 3 scrolls of fog {unknown}
 y - 2 scrolls of enchant weapon {unknown}
 A - 2 scrolls of amnesia {unknown}
 Q - a scroll of teleportation {unknown}
 R - a scroll of noise {unknown}
Potions
 g - 2 potions of heal wounds {unknown}
 l - a potion of magic {unknown}
 n - 4 potions of mutation {unknown}
 r - 2 potions of berserk rage {unknown}
 t - a potion of cure mutation {unknown}
 x - 3 potions of degeneration {unknown}
 z - 2 potions of lignification {unknown}
 D - 2 potions of agility {unknown}
 N - a potion of ambrosia {unknown}
Books
 e - a book of Geomancy

   Spells                             Type                      Level
   a - Sandblast                      Earth                        1
   b - Passwall                       Transmutation/Earth          2
   c - Stone Arrow                    Conjuration/Earth            3
   d - Petrify                        Transmutation/Earth          4
   e - Lee's Rapid Deconstruction     Earth                        5
 p - a book of Air

   Spells                             Type                      Level
   a - Shock                          Conjuration/Air              1
   b - Swiftness                      Charms/Air                   2
   c - Repel Missiles                 Charms/Air                   2
   d - Static Discharge               Conjuration/Air              3
   e - Lightning Bolt                 Conjuration/Air              5
 v - a book of Misfortune

   Spells                             Type                      Level
   a - Confusing Touch                Hexes                        1
   b - Confuse                        Hexes                        3
   c - Gell's Gravitas                Hexes/Translocation          3
   d - Petrify                        Transmutation/Earth          4
   e - Metabolic Englaciation         Hexes/Ice                    5
   f - Yara's Violent Unravelling     Hexes/Transmutation          5
Comestibles
 d - 9 bread rations
 h - 4 fruits
 k - 6 meat rations
 T - 6 beef jerkies


   Skills:
 + Level 2.8 Fighting
 + Level 2.7 Staves
 + Level 3.0 Armour
 + Level 3.0 Dodging
 - Level 2.1 Stealth
 * Level 9.3 Spellcasting
 + Level 6.9 Conjurations
   Level 0.7 Transmutations
 + Level 8.9 Earth Magic
 + Level 2.5 Evocations


You had 18 spell levels left.
You knew the following spells:

 Your Spells              Type           Power        Failure   Level  Hunger
a - Sandblast             Erth           ######       1%          1    None
b - Stone Arrow           Conj/Erth      #####.       1%          3    None
c - Lee's Rapid Deconstr  Erth           ######....   4%          5    ####...


Dungeon Overview and Level Annotations

Branches:
Dungeon (10/15)            Temple (1/1) D:7            Lair (1/6) D:9
    Orc: D:9-12

Altars:
Ashenzari
Cheibriados
Dithmenos
Elyvilon
Fedhas
Gozag
Hepliaklqana
Kikubaaqudgha
Makhleb
Nemelex Xobeh
Okawaru
Qazlal
Ru
Sif Muna
Trog
Uskayaw
Vehumet
Xom
Yredelemnul
Zin
The Shining One

Shops:
D:10 *[

Annotations:
D:5 Ruebezahl's ghost, novice GrCK
D:10 st0uf's ghost, novice DrCj


Innate Abilities, Weirdness & Mutations

You are resistant to torment.
Your stone body is resilient. (AC +7)
You are immune to poison.
You resist negative energy. (rN+)
You are resistant to electric shocks. (rElec)
You can survive without breathing.
You are immune to petrification.
You are immune to rotting.


Message History

You start resting.
Magic restored.
You start eating one of the 5 fruits.
That mangosteen was delicious!
You climb downwards.
Welcome to the Lair of Beasts!
The eight-headed hydra bites you but does no damage.
The eight-headed hydra closely misses you.
The eight-headed hydra bites you!
The eight-headed hydra barely misses you.
The eight-headed hydra bites you! x2; The eight-headed hydra bites you.
The eight-headed hydra bites you but does no damage.
There is a staircase back to the Dungeon here.
The eight-headed hydra bites you.
The eight-headed hydra bites you but does no damage.
The eight-headed hydra bites you.
* * * LOW HITPOINT WARNING * * *
The eight-headed hydra bites you!
* * * LOW HITPOINT WARNING * * *
The eight-headed hydra bites you.
You die...

.#. .. ##..
### ... ....
#.. ...
##†##.#
##....#
###.#...####.
#...@.......#
#..D..#.#.#.#
#.##...## #
#. ##.## #
#.# #.# #..
###


You could see an eight-headed hydra.

Vanquished Creatures
  A hydra (Lair:1)
  An ugly thing (D:8)
  A troll (D:10)
  A hippogriff (D:5)
  Menkaure (D:5)
  A water moccasin (D:8)
  An orc warrior (D:9)
  An ice beast (D:8)
  2 sky beasts
  An eye of draining (D:8)
  3 ogres
  2 phantoms
  A necrophage (D:7)
  2 centaurs
  A big kobold (D:7)
  A giant frog (D:6)
  A wyvern zombie (D:7)
  3 scorpions
  3 wights (D:6)
  4 howler monkeys
  2 crimson imps
  A giant frog zombie (D:9)
  2 jellies
  A quasit (D:8)
  Crazy Yiuf (D:6)
  5 hounds
  8 orc priests
  A centaur skeleton (D:6)
  8 orc wizards
  3 giant frog skeletons
  3 iguanas
  9 worker ants
  A hound skeleton (D:9)
  8 adders
  A gnoll (D:1)
  A river rat (D:9)
  2 shadow imps
  4 oozes
  2 adder zombies
  An adder skeleton (D:9)
  4 worms
  7 giant geckos
  46 orcs
  2 ball pythons
  3 giant cockroaches
  15 goblins
  7 hobgoblins
  6 jackals
  13 kobolds
  6 bats
  A giant gecko zombie (D:6)
  3 giant newts
  7 rats
  A fungus (Lair:1)
217 creatures vanquished.

Vanquished Creatures (others)
  A giant frog skeleton (D:10)
  An orc (D:10)
  4 fulminant prisms (D:10)
6 creatures vanquished.

Grand Total: 223 creatures vanquished

Notes
Turn   | Place    | Note
-------+----------+-------------------------------------------
     0 | D:1      | st0uf the Gargoyle Earth Elementalist began the quest for the Orb.
     0 | D:1      | Reached XP level 1. HP: 10/10 MP: 3/3
   335 | D:1      | Reached XP level 2. HP: 6/15 MP: 1/5
   681 | D:1      | Reached XP level 3. HP: 11/19 MP: 4/7
   803 | D:1      | Learned a level 3 spell: Stone Arrow
   823 | D:1      | Reached skill level 3 in Spellcasting
  1612 | D:2      | Reached XP level 4. HP: 16/24 MP: 0/9
  1644 | D:2      | Reached skill level 1 in Conjurations
  2029 | D:2      | Noticed an angel
  2030 | D:2      | Found a glowing silver altar of Zin.
  2032 | D:2      | Found a shimmering altar of Xom.
  2975 | D:3      | Reached XP level 5. HP: 27/28 MP: 3/10
  3410 | D:4      | Reached skill level 4 in Spellcasting
  3505 | D:4      | Reached skill level 5 in Earth Magic
  3505 | D:4      | Reached XP level 6. HP: 16/32 MP: 2/12
  4064 | D:4      | Found a snail-covered altar of Cheibriados.
  4961 | D:5      | Entered Level 5 of the Dungeon
  4979 | D:5      | Noticed a hippogriff
  4984 | D:5      | Killed a hippogriff
  4984 | D:5      | Reached skill level 5 in Spellcasting
  4984 | D:5      | Reached XP level 7. HP: 35/36 MP: 1/14
  5157 | D:5      | Noticed Menkaure
  5162 | D:5      | Killed Menkaure
  5606 | D:5      | Noticed Ruebezahl's ghost (novice GrCK)
  6534 | D:5      | Reached skill level 6 in Spellcasting
  6785 | D:6      | Reached XP level 8. HP: 41/41 MP: 10/17
  6946 | D:6      | Found a hazy altar of Hepliaklqana.
  7051 | D:6      | Found a hide-covered altar of Uskayaw.
  7325 | D:6      | Reached skill level 7 in Spellcasting
  7396 | D:6      | Reached skill level 5 in Conjurations
  7489 | D:6      | Found a runed door.
  7493 | D:6      | Noticed Crazy Yiuf
  7496 | D:6      | Killed Crazy Yiuf
  8153 | D:7      | Reached XP level 9. HP: 43/45 MP: 10/20
  8480 | D:7      | Reached skill level 8 in Spellcasting
  8601 | D:7      | Found a staircase to the Ecumenical Temple.
  8612 | Temple   | Entered the Ecumenical Temple
  8738 | Temple   | Became a worshipper of Vehumet
  8952 | D:7      | Found a stormy altar of Qazlal.
  9060 | D:7      | Found a shadowy altar of Dithmenos.
  9261 | D:8      | Learned a level 5 spell: Lee's Rapid Deconstruction
  9338 | D:8      | Found a snail-covered altar of Cheibriados.
  9428 | D:8      | Got a fine brass ring
  9481 | D:8      | Found a sparkling altar of Nemelex Xobeh.
  9551 | D:8      | Found a sparkling altar of Nemelex Xobeh.
  9728 | D:8      | Reached skill level 1 in Evocations
  9731 | D:8      | Reached skill level 1 in Fighting
  9772 | D:8      | Reached skill level 1 in Armour
  9846 | D:8      | Reached skill level 1 in Staves
  9909 | D:8      | Reached * piety under Vehumet
  9909 | D:8      | Offered knowledge of Sting by Vehumet.
 10017 | D:8      | Noticed a brown ugly thing
 10034 | D:8      | Killed a brown ugly thing
 10305 | D:8      | Found an opulent altar of Gozag.
 10309 | D:8      | Found a blossoming altar of Fedhas.
 10311 | D:8      | Found a sacrificial altar of Ru.
 10420 | D:9      | Found a staircase to the Lair.
 10466 | D:9      | Reached XP level 10. HP: 53/53 MP: 20/22
 10827 | D:9      | Reached skill level 9 in Spellcasting
 10995 | D:9      | Offered knowledge of Flame Tongue by Vehumet.
 10996 | D:9      | Reached ** piety under Vehumet
 11613 | D:10     | Entered Level 10 of the Dungeon
 11722 | D:10     | Found Qyth's Armour Shop.
 11752 | D:10     | Found a stormy altar of Qazlal.
 11760 | D:10     | Noticed st0uf's ghost (novice DrCj)
 11793 | D:10     | Found Giodar's Assorted Antiques.
 12048 | Lair:1   | Entered Level 1 of the Lair of Beasts
 12048 | Lair:1   | Noticed an eight-headed hydra
 12054 | Lair:1   | Killed an eight-headed hydra
 12055 | Lair:1   | Noticed an eight-headed hydra
 12142 | Lair:1   | HP: 1/55 [eight-headed hydra (11)]
 12142 | Lair:1   | Slain by an eight-headed hydra

Vault maps used:
D:1:      enne_arrival_octagon_isle
D:2:      grunt_temple_overflow_order_and_chaos_1
D:3:      corexii_shack_village, first_bread
D:4:      cheibriados_altar_1
D:5:      minivault_23, uniq_menkaure
D:6:      marbit_many_paths, old_standard_altar, uniq_crazy_yiuf_cottage
D:7:      kennysheep_mini_moat, nicolae_dithmenos_through_a_glass_darkly
D:8:      grunt_temple_overflow_diamond, lemuel_coloured_pillars_altar,
          lemuel_doored_altar, nemelex_xobeh_ov_fountains_minmay
D:9:      due_lair_maze_entry_diamond, grunt_ogre_cave
D:10:     basic_altar, serial_shops, shop, shop, shop_fountains, wad_mini_maze
Temple:   jpeg_temple_clearing

Skill      XL: |  1  2  3  4  5  6  7  8  9 10 |
---------------+-------------------------------+-----
Spellcasting   | 3 4 5 6 7 8 9 |  9.3
Earth Magic    | 4 5 6 7 8 |  8.9
Conjurations   | 1 2 3 4 5 6 |  6.9
Evocations     | 1 2 |  2.5
Fighting       | 1 2 |  2.8
Armour         | 2 3 |  3.0
Staves         | 1 2 |  2.7
Dodging        | 2 3 |  3.0
Stealth        | |  2.1
Transmutations | |  0.7

Action                   |  1- 3 |  4- 6 |  7- 9 | 10-12 || total
-------------------------+-------+-------+-------+-------++-------
Melee: Club              |    16 |    76 |       |       ||    92
       Mace              |       |    53 |   167 |       ||   220
 Cast: Sandblast         |    62 |    20 |    38 |    24 ||   144
       Stone Arrow       |       |    51 |   129 |    37 ||   217
       Lee's Rapid Decon |       |       |       |     6 ||     6
 Stab: Sleeping          |       |     1 |     1 |       ||     2
  Eat: Chunk             |     2 |    13 |    19 |     5 ||    39
       Pizza             |       |     1 |       |       ||     1
       Royal jelly       |       |       |     1 |       ||     1
       Fruit             |       |       |       |     1 ||     1
Armor: Robe              |    19 |    67 |    89 |     8 ||   183
Dodge: Dodged            |    34 |   118 |   195 |    14 ||   361
